Arrhythmia, neutral female human Tourist ----- ----- |....# ####################*##+...| |...|# # # |...| |...|### ####-...| |a..|### ####--|-- |...| # ######*########### # |.a..a#####-------------#### # --[-- # |...........|## # p% ##............+########## # |...........| -.-.- u@'###d######------------- |.[.| #% g ####################|%..| .. *....| u >.| #----- ..| --- Arrhythmia the Peregrinatrix Experience level: 10 Strength: 15 Dexterity: 17 Constitution: 16 Intelligence: 12 Wisdom: 9 Charisma: 17 Health: 0(76) Energy: 39(39) AC: -6 Gold: 2481 Moves: 11107 Your Inventory: Coins $ - 2481 gold pieces Amulets E - a [cursed] circular amulet [of ESP] S - an [uncursed] convex amulet [versus poison] Weapons a - 10 uncursed +2 darts (in quiver) d - 7 [uncursed +0] darts [of detonation] e - 4 uncursed [+1] darts m - 2 [uncursed +0] bamboo arrows [ya] r - a blessed rustproof +1 dwarvish mattock of reflection (weapon in hands) M - 2 uncursed poisoned [+0] darts P - 3 uncursed [+0] darts Armor i - an uncursed +0 Hawaiian shirt (being worn) D - a blessed +4 studded leather armor of telepathy named Telepathy (being worn) H - a [blessed] +1 pair of jackboots of brilliance [high] (being worn) K - an [uncursed] +0 hard hat [dwarvish iron helm] (being worn) N - an [uncursed] +0 pair of leather gloves (being worn) Q - an [uncursed] +0 elven cloak (being worn) W - an uncursed [+0] mummy wrapping Comestibles b - 2 uncursed sprigs of wolfsbane y - 2 uncursed lembas wafers G - 3 uncursed food rations Potions o - a [cursed] silver potion [of blindness] s - a [cursed] potion of paralysis t - a [cursed] golden potion [of monster detection] F - 2 uncursed potions of extra healing Rings u - a [cursed +2] granite ring [of increase damage] x - a [cursed] topaz ring [of free action] Z - an uncursed ring of fire resistance Wands g - a [cursed] wand of create monster [0:11] j - an [uncursed] wand of digging [0:5] k - an [uncursed] wand of lightning [0:5] n - an [uncursed] hexagonal wand [of sleep (0:6)] p - a [cursed] wand of make invisible [0:6] q - an [uncursed] iridium wand [of magic missile (0:0)] z - a [cursed] iridium wand [of magic missile (0:0)] V - a blessed wand of make invisible (0:2) Tools f - an uncursed sack l - an uncursed tin opener w - an [uncursed] key [skeleton key] A - an uncursed stethoscope B - an uncursed lock pick C - an uncursed towel U - an uncursed [+0] unicorn horn X - an uncursed leash Gems v - an [uncursed] blue gem [worthless glass] Contents of the sack: an [uncursed] scroll of enchant armor an uncursed clear potion [of water] 2 [blessed] clear potions [of holy water] an [uncursed] potion of healing an [uncursed] potion of paralysis an uncursed wand of light [0:14] an [uncursed] wand of light [0:13] an uncursed wand of slow monster [0:5] Spells known in the end: Name Level Category Fail Memory a - create monster 2 clerical 61% [||||||||] Your skills at the end: Fighting Skills body armor [Basic / Basic] Weapon Skills pick-axe [Basic / Basic] dart [Basic / Expert] Spellcasting Skills Final Attributes: You were piously aligned. Hunger level was 626. Your alignment was 65 / 65. Monster difficulty range was 1 - 10. Level difficulty was 10. You resisted cold. You resisted sleep. You resisted poison. You were telepathic. You had automatic searching. You were invisible. You were stealthy. You had reflection. You were lucky (1). You are dead. Vanquished creatures: a watch captain a ghost a small mimic 3 large dogs a shocking sphere a large cat a tiger a gargoyle 2 human mummies a Grey-elf a watchman a chameleon a cockatrice a wolf 2 winter wolf cubs a lynx 2 panthers a leprechaun a mumak 2 giant spiders a horse a black light a gnome king an orc mummy a werewolf a dingo a housecat a blue jelly 2 white unicorns 2 dust vortices 3 ravens a snake a Woodland-elf 2 soldier ants a bugbear 2 quasits 2 water nymphs 10 Mordor orcs a rock piercer 8 enormous rats a pony a fog cloud 2 yellow lights 2 shriekers a violet fungus 8 gnome lords a gnomish wizard 2 straw golems 2 little dogs 3 floating eyes a kitten 10 dwarves 2 homunculi a kobold lord a kobold shaman 6 hill orcs 7 rothes a rabid rat 2 centipedes a giant bat 2 orc zombies 2 dwarf zombies 2 wererats 2 iguanas 3 acid blobs 4 coyotes 2 gas spores 6 hobbits 2 manes 2 large kobolds 2 hobgoblins 6 giant rats 2 cave spiders a brown mold 4 yellow molds 2 red molds 48 gnomes 2 garter snakes 4 gnome zombies 4 geckos 8 jackals 2 foxes 7 goblins 5 sewer rats 5 grid bugs 8 lichens 7 kobold zombies 8 newts 276 creatures vanquished. Voluntary challenges: You used a wielded weapon 412 times. You read items or engraved 171 times. You put on armor 36 times. You never genocided any monsters. You never polymorphed an object. You never changed form. You used no wishes. You wrote Elbereth's name 105 times. You encountered 1 bones level. You never used any Sokoban shortcuts. Dungeon overview: The Dungeons of Doom: levels 1 to 10 Level 1 a long staircase Level 2 some fountains Level 3 an armor shop, an altar stairs to The Gnomish Mines Level 4 an altar Level 5 a tool shop Level 6 a fountain Level 8 many fountains Level 9 a long staircase Level 10 <- You were here The Gnomish Mines: levels 4 to 7 Level 4 stairs to The Dungeons of Doom Level 6 many shops, a temple to The Lady, a magic chest, some fountains, some trees Level 7 (magic trap) History has recorded: On T:1 you entered the Dungeons of Doom to retrieve the Amulet of Yendor! On T:501 you advanced to experience level 2. On T:597 you reached level 2 of The Dungeons of Doom. On T:951 you advanced to experience level 3. On T:1408 you reached level 3 of The Dungeons of Doom. On T:1614 you advanced to experience level 4. On T:2012 you reached level 1 of The Gnomish Mines. On T:2037 you advanced to experience level 5. On T:2663 you advanced to experience level 6. On T:3526 you reached level 2 of The Gnomish Mines. On T:3708 you advanced to experience level 7. On T:5405 you advanced to experience level 8. On T:5423 you received a rustproof dwarvish mattock of reflection from The Lady. On T:5577 you reached level 4 of The Gnomish Mines. On T:6863 you reached level 4 of The Dungeons of Doom. On T:7264 you reached level 5 of The Dungeons of Doom. On T:7870 you reached level 6 of The Dungeons of Doom. On T:8630 you advanced to experience level 9. On T:8939 you reached level 7 of The Dungeons of Doom. On T:9379 you reached level 8 of The Dungeons of Doom. On T:10175 you reached level 9 of The Dungeons of Doom. On T:10669 you reached level 10 of The Dungeons of Doom. On T:11061 you advanced to experience level 10. Latest messages: The paper golem misses. The white unicorn butts! The white unicorn misses. [HP-15=2] [2 turns] You feel better. The gargoyle hits! The gargoyle misses. (2x) The paper golem misses. The white unicorn misses. The white unicorn kicks! The white unicorn just misses! The white unicorn kicks! Never mind. You have a little trouble removing F - 2 uncursed potions of extra healing. The gargoyle hits! You die... Final status: Aloha Arrhythmia the Tourist... You died in The Dungeons of Doom on dungeon level 10 with 9031 points, and 2481 pieces of gold, after 11107 moves. You were level 10 with a maximum of 76 hit points when you died.